 Dungeon Sprint DCSS version 0.28.0-53-g5a82cb258f (webtiles) character file.

Game seed: 5090942877260243781

4748 Zeld the Eclecticist (level 10, 0/50 HPs)
             Began as a Deep Elf Conjurer on May 29, 2022.
             Was a High Priest of Sif Muna.
             Succumbed to a spriggan rider's curare-tipped dart
             ... in the Dungeon (Sprint IV: "Fedhas' Mad Dash").
             The game lasted 00:05:16 (3239 turns).

Zeld the Eclecticist (Deep Elf Conjurer)            Turns: 3239, Time: 00:05:16

Health: 0/50       AC:  3    Str:  4    XL:     10   Next: 23%
Magic:  19/35      EV: 12    Int: 28    God:    Sif Muna [*****.]
Gold:   197        SH:  0    Dex: 13    Spells: 28/47 levels left

rFire   . . .      SeeInvis .   (no weapon)
rCold   . . .      Faith    .   (no shield)
rNeg    . . .      Spirit   .   a - +0 robe
rPois   .          Reflect  .   l - +0 helmet
rElec   .          Harm     .   (no cloak)
rCorr   .          Rampage  .   (no gloves)
Will    +....      NoTele   +   (no boots)
Stlth   ++++......              h - amulet of invisibility {+Inv}
HPRegen 0.16/turn               i - ring of wizardry
MPRegen 0.24/turn               (no ring)

@: lethally poisoned (0 -> -30), channelling, slowed, very slow
A: no striking features
a: Renounce Religion, Evoke Invisibility, Channel Magic, Forget Spell, Divine
Exegesis


You were in the Dungeon.
You worshipped Sif Muna.
Sif Muna was extremely pleased with you.
You visited 1 branch You collected 197 gold pieces.

Inventory:

Armour
 a - a +0 robe (worn)
 l - a +0 helmet (worn)
Jewellery
 h - the amulet of invisibility (around neck) {+Inv}
   (You found it in the Dungeon)

   [amulet of nothing]

   +Inv:      It lets you turn invisible.
 i - a ring of wizardry (left hand)
Scrolls
 g - a scroll of blinking
 j - a scroll of amnesia {unknown}
 m - a scroll of silence {unknown}
Potions
 d - a potion of haste
 e - 2 potions of magic
 f - a potion of berserk rage
 k - a potion of cancellation {unknown}


   Skills:
 - Level 2.4 Dodging
 - Level 8.0 Stealth
 * Level 19.0 Spellcasting
 * Level 16.5 Conjurations
 - Level 2.0 Hexes
 - Level 2.0 Translocations
 - Level 12.0 Invocations


You had 28 spell levels left.
You knew the following spells:

 Your Spells              Type           Power      Damage    Failure   Level
a - Magic Dart            Conj           100%       1d8       0%          1
b - Searing Ray           Conj           100%       2d8       0%          2
c - Fulminant Prism       Conj/Hex       34%        3d16      1%          4
d - Iskenderun's Mystic   Conj/Tloc      68%        2d14      1%          4
e - Fireball              Conj/Fire      32%        3d14      1%          5
z - Dazzling Flash        Conj/Hex       100%       N/A       1%          3

Your spell library contained the following spells:

 Spells                   Type           Power      Damage    Failure   Level
 Shock                    Conj/Air       100%       1d9       1%          1
 Slow                     Hex            100%       N/A       1%          1
 Confusing Touch          Hex            37%        N/A       1%          3
 Conjure Flame            Conj/Fire      64%        6-21      1%          3
 Vampiric Draining        Necr           26%        2d7       1%          3
 Flame Wave               Conj/Fire      64%        2d12      1%          4
 Hailstorm                Conj/Ice       64%        3d14      1%          4
 Iskenderun's Battlesphe  Conj           87%        2d13      1%          5
 Spellforged Servitor     Conj/Summ      32%        N/A       17%         7


Dungeon Overview and Level Annotations

Branches:
Dungeon (1/1)

Altars:
Cheibriados
Dithmenos
Elyvilon
Gozag
Hepliaklqana
Kikubaaqudgha
Makhleb
Nemelex Xobeh
Okawaru
Qazlal
Ru
Sif Muna
Trog
Uskayaw
Vehumet
Wu Jian
Xom
Yredelemnul
Zin
The Shining One
Beogh
Jiyva
Lugonu

Shops:
D ?*((


Message History

Confirm with . or Enter, or press ? or * to list all spells.
Aiming: Fireball (dangerous; 1% risk of failure)
Press: ? - help, Shift-Dir - straight line, f - spriggan rider
Aim: a spriggan rider, wielding a +0 spear and quivering curare-tipped darts
Okay, then.
You feel very sick.
The spriggan rider throws a curare-tipped dart.
The curare-tipped dart hits you.
You are more poisoned.
You have difficulty breathing.
You feel as though you will be slow longer.
Unknown command.
Unknown command.
Casting: Fireball (dangerous; 1% risk of failure)
Confirm with . or Enter, or press ? or * to list all spells.
You erupt in a blast of force!
The mystic blast hits the spriggan rider!!
The spriggan rider is moderately wounded.
The spriggan rider is knocked back by the mystic blast.
The spriggan shouts!
You feel extremely sick.
The spriggan rider throws a curare-tipped dart.
The curare-tipped dart hits you.
You are more poisoned.
You have difficulty breathing.
* * * LOW HITPOINT WARNING * * *
You feel as though you will be slow longer.
Unknown command.
Casting: Iskenderun's Mystic Blast (safe; 1% risk of failure)
Confirm with . or Enter, or press ? or * to list all spells.
Aiming: Fireball (dangerous; 1% risk of failure)
Press: ? - help, Shift-Dir - straight line, f - spriggan rider
Aim: a spriggan rider, wielding a +0 spear and quivering curare-tipped darts (moderately wounded)
The fireball explodes!
The fireball engulfs the spriggan rider!!
The spriggan rider is severely wounded.
The fireball engulfs the spriggan!!
You kill the spriggan!
Sif Muna accepts your kill.
You die...

############################
⌠._._._._.⌠.#.(')..#.†..##∩#
._._._._._..'..#)..#....'.|#
.._._._._...#..###'##.([##∩#
._._._._._..#..##∩∩.'...####
_._._._._.⌠.#############
#################......###.
......♣)###.'..'@...i..'.i.
.......♣##..#..#....)..####
........###.##+##......#
♣.)....♣'...# ########
#############


You could see a spriggan rider.

Vanquished Creatures
  A spriggan druid (D)
  6 oklob plants (D)
  A demonic crawler (D)
  3 wandering mushrooms (D)
  A queen bee (D)
  3 burning bushes (D)
  3 scorpions (D)
  4 killer bees (D)
  5 oklob saplings (D)
  3 spriggans (D)
  A river rat (D)
  A rat (D)
  A ballistomycete spore (D)
33 creatures vanquished.

Vanquished Creatures (others)
  8 fulminant prisms (D)
  4 fungi (D)
12 creatures vanquished.

Grand Total: 45 creatures vanquished

Notes
Turn   | Place    | Note
-------+----------+-------------------------------------------
     0 | D        | Zeld the Deep Elf Conjurer began the quest for the Orb.
     0 | D        | Reached XP level 1. HP: 10/10 MP: 6/6
    18 | D        | Reached skill level 4 in Spellcasting
    18 | D        | Reached skill level 5 in Conjurations
    18 | D        | Reached skill level 1 in Hexes
    18 | D        | Reached skill level 1 in Translocations
    18 | D        | Reached XP level 2. HP: 15/15 MP: 2/9
    23 | D        | Learned a level 2 spell: Searing Ray
   210 | D        | Noticed a scorpion
   217 | D        | Killed a scorpion
   218 | D        | Reached skill level 7 in Spellcasting
   218 | D        | Reached XP level 3. HP: 13/19 MP: 0/13
   218 | D        | Reached XP level 4. HP: 17/24 MP: 0/15
   222 | D        | Learned a level 3 spell: Dazzling Flash
   227 | D        | Learned a level 4 spell: Fulminant Prism
   232 | D        | Learned a level 4 spell: Iskenderun's Mystic Blast
   393 | D        | Reached skill level 8 in Spellcasting
   567 | D        | Found the amulet of invisibility {+Inv}
   586 | D        | Found an opulent altar of Gozag.
   586 | D        | Found a hazy altar of Hepliaklqana.
   586 | D        | Found a burning altar of Makhleb.
   586 | D        | Found a sparkling altar of Nemelex Xobeh.
   586 | D        | Found a sacrificial altar of Ru.
   586 | D        | Found a shimmering blue altar of Sif Muna.
   586 | D        | Found an ornate altar of the Wu Jian Council.
   586 | D        | Found a shimmering altar of Xom.
   586 | D        | Found a basalt altar of Yredelemnul.
   593 | D        | Found a viscous altar of Jiyva.
   593 | D        | Found a snail-covered altar of Cheibriados.
   593 | D        | Found a bloodstained altar of Trog.
   594 | D        | Found an iron altar of Okawaru.
   594 | D        | Found a shadowy altar of Dithmenos.
   594 | D        | Found a glowing silver altar of Zin.
   595 | D        | Found an ancient bone altar of Kikubaaqudgha.
   595 | D        | Found a hide-covered altar of Uskayaw.
   596 | D        | Found a stormy altar of Qazlal.
   596 | D        | Found a glowing golden altar of the Shining One.
   596 | D        | Found a white marble altar of Elyvilon.
   597 | D        | Found a radiant altar of Vehumet.
   597 | D        | Found a corrupted altar of Lugonu.
   599 | D        | Became a worshipper of Sif Muna the Loreminder
   675 | D        | Noticed a queen bee
   830 | D        | Reached skill level 9 in Spellcasting
   830 | D        | Reached XP level 5. HP: 28/28 MP: 8/19
   830 | D        | Reached * piety under Sif Muna
   831 | D        | Reached skill level 10 in Spellcasting
   831 | D        | Killed a queen bee
   832 | D        | Reached skill level 13 in Spellcasting
   832 | D        | Reached XP level 6. HP: 32/32 MP: 0/24
  1159 | D        | Reached skill level 1 in Invocations
  1426 | D        | Reached ** piety under Sif Muna
  1736 | D        | Noticed an oklob plant
  1745 | D        | Killed an oklob plant
  1746 | D        | Reached skill level 5 in Stealth
  1746 | D        | Reached skill level 14 in Spellcasting
  1746 | D        | Reached skill level 5 in Invocations
  1746 | D        | Reached XP level 7. HP: 30/36 MP: 3/27
  1959 | D        | Reached *** piety under Sif Muna
  1964 | D        | Reached XP level 8. HP: 39/41 MP: 16/28
  2021 | D        | Found Celotuli's General Store.
  2021 | D        | Found Loggirid's Magic Scroll Emporium.
  2038 | D        | Noticed a burning bush
  2038 | D        | Noticed a wandering mushroom
  2042 | D        | Reached skill level 15 in Spellcasting
  2043 | D        | Noticed a wandering mushroom
  2044 | D        | Killed a wandering mushroom
  2044 | D        | Reached **** piety under Sif Muna
  2044 | D        | Killed a wandering mushroom
  2047 | D        | Killed a burning bush
  2048 | D        | Reached skill level 16 in Spellcasting
  2225 | D        | Found Maupoixe's Antique Weapon Emporium.
  2225 | D        | Found Weggiyt's Antique Weapon Shoppe.
  2274 | D        | Noticed a burning bush
  2286 | D        | Killed a burning bush
  2287 | D        | Reached XP level 9. HP: 37/45 MP: 16/31
  2359 | D        | Noticed a burning bush
  2359 | D        | Noticed an oklob plant
  2360 | D        | Noticed a wandering mushroom
  2363 | D        | Killed a burning bush
  2428 | D        | Reached ***** piety under Sif Muna
  2432 | D        | Killed a wandering mushroom
  2432 | D        | Received a gift from Sif Muna
  2432 | D        | Killed an oklob plant
  2433 | D        | Reached skill level 17 in Spellcasting
  2433 | D        | Reached skill level 15 in Conjurations
  2433 | D        | Reached skill level 10 in Invocations
  2435 | D        | Got Sif Muna's Catalogue of Attacks {god gift}
  2442 | D        | Learned a level 5 spell: Fireball
  2507 | D        | Noticed a spriggan druid
  2518 | D        | Killed a spriggan druid
  2771 | D        | Noticed an oklob plant conjurer
  2774 | D        | Killed an oklob plant conjurer
  2775 | D        | Reached skill level 18 in Spellcasting
  3006 | D        | Noticed an oklob plant
  3006 | D        | Noticed an oklob plant summoner
  3010 | D        | Killed an oklob plant
  3011 | D        | Reached XP level 10. HP: 50/50 MP: 12/34
  3105 | D        | Noticed an oklob plant shifter
  3108 | D        | Killed an oklob plant summoner
  3108 | D        | Received a gift from Sif Muna
  3108 | D        | Killed an oklob plant shifter
  3113 | D        | Got Cerebov's Compendium of Confrontation {god gift}
  3228 | D        | Reached skill level 19 in Spellcasting
  3230 | D        | Noticed a spriggan rider
  3239 | D        | Succumbed to a spriggan rider's curare-tipped dart

Illustrated notes

Levels and vault maps discovered:
D:        dungeon_sprint_fedhas [sprint_temple]

Skill      XL: |  1  2  3  4  5  6  7  8  9 10 |
---------------+-------------------------------+-----
Spellcasting   | 4 7 9 13 14 16 18 19 | 19.0
Conjurations   | 5 7 9 11 12 13 14 15 16 | 16.5
Hexes          | 1 2 |  2.0
Translocations | 1 2 |  2.0
Invocations    | 5 6 8 11 12 | 12.0
Stealth        | 5 7 8 |  8.0
Dodging        | |  2.4

Action                   |  1- 3 |  4- 6 |  7- 9 | 10-12 || total
-------------------------+-------+-------+-------+-------++-------
Melee: Unarmed           |     6 |     2 |       |       ||     8
 Cast: Magic Dart        |     7 |       |     5 |       ||    12
       Searing Ray       |     2 |     8 |     6 |       ||    16
       Iskenderun's Myst |       |     8 |     7 |     5 ||    20
       Fulminant Prism   |       |     2 |     6 |       ||     8
       Fireball          |       |       |     8 |     6 ||    14
Invok: Channel Magic     |       |       |       |     1 ||     1
 Abil: Evoke Invisibilit |       |     3 |     8 |     1 ||    12
  Use: Potion            |       |       |       |     3 ||     3
Dodge: Dodged            |     1 |     2 |     2 |       ||     5
